 Dungeon Sprint DCSS version 0.31.0-4-g52a2dc7128 (webtiles) character file.

Game seed: 1783965887995370830

114 Groucho the Digger (level 4, -1/21 HPs)
             Began as a Spriggan Earth Elementalist on Jan 22, 2024.
             Slain by an orange demon (6 damage)
             ... summoned by a kobold demonologist
             ... in the Dungeon (Sprint III: "The Ten Rune Challenge").
             The game lasted 00:02:04 (1431 turns).

Groucho the Digger (Spriggan Earth Elementalist)    Turns: 1431, Time: 00:02:04

Health: -1/21      AC:  2    Str:  4    XL:     4   Next: 67%
Magic:  7/13       EV: 17    Int: 18    God:
Gold:   17         SH:  0    Dex: 15    Spells: 14/15 levels left

rFire   . . .        h - +0 mace
rCold   . . .        (no shield)
rNeg    . . .        a - +0 robe
rPois   .            (helmet restricted)
rElec   .            (no cloak)
rCorr   .            (gloves unavailable)
SInv    +            (boots unavailable)
Will    .....        (no amulet)
Stlth   ++           (no ring)
HPRegen 0.23/turn    (no ring)
MPRegen 0.13/turn

%: no teleportation
@: lethally poisoned (-1 -> -29), very slightly contaminated, very quick
A: very small, no large weapons, unfitting armour, see invisible, speed 3
a: no special abilities


You were in the Dungeon.
You visited 1 branch You collected 17 gold pieces.

Inventory:

Hand Weapons
 h - a +0 mace (weapon)
Armour
 a - a +0 robe (worn)
Scrolls
 g - a scroll of blinking
 j - 2 scrolls of poison {unknown}
 k - 2 scrolls of identify {unknown}
Potions
 b - 3 potions of magic
 c - 2 potions of curing
 d - a potion of heal wounds
 e - a potion of haste
 f - a potion of berserk rage
 i - 3 potions of mutation {unknown}
 l - a potion of degeneration {unknown}
 m - 2 potions of enlightenment
 n - a potion of invisibility {unknown}


   Skills:
 - Level 2.6 Dodging
 - Level 3.0 Stealth
 + Level 6.1 Spellcasting
 + Level 3.4 Conjurations
 * Level 6.6 Earth Magic


You had 14 spell levels left.
You knew the following spells:

 Your Spells              Type           Power      Damage    Failure   Level
a - Sandblast             Erth           58%        2d13      1%          1

Your spell library contained the following spells:

 Spells                   Type           Power      Damage    Failure   Level
 Passwall                 Erth           29%        N/A       2%          3
 Stone Arrow              Conj/Erth      46%        3d9       4%          3
 Brom's Barrelling Bould  Conj/Erth      23%        2d4       14%         4
 Petrify                  Alch/Erth      17%        N/A       30%         4


Dungeon Overview and Level Annotations

Branches:
Dungeon (1/1)

Altars:
Sif Muna
Vehumet


Innate Abilities, Weirdness & Mutations

You are very small and have problems with some larger weapons.
You are too small for most types of armour.
You have supernaturally acute eyesight. (SInv)
You cover ground extremely quickly. (Speed+++)


Message History

Press: ? - help, Q - select action Shift-Dir - straight line, f/p - arcanist
Aim: an arcanist, wielding a +2 dagger of venom and wearing a +0 robe (heavily wounded, 76% to hit)
The blast of sand hits the arcanist!
You kill the arcanist!
The kobold demonologist shouts!
The kobold demonologist casts a spell.
Your Spellcasting skill increases to level 6!
Unknown command.
Aiming: Sandblast (safe; 1% risk of failure)
Press: ? - help, Q - select action Shift-Dir - straight line, f - kobold demonologist
Aim: a kobold demonologist, wielding a +0 dagger and wearing a +0 robe (76% to hit)
You miscast Sandblast.
You are very lightly contaminated with residual magic.
Nothing appears to happen.
The orange demon closely misses you.
Unknown command.
Unknown command.
Unknown command.
Aiming: Sandblast (safe; 1% risk of failure)
Press: ? - help, Q - select action Shift-Dir - straight line, f/p - kobold demonologist
Aim: a kobold demonologist, wielding a +0 dagger and wearing a +0 robe (76% to hit)
The blast of sand hits the kobold demonologist.
The kobold demonologist is moderately wounded.
The kobold demonologist mumbles some strange words.
The orange demon stings you from afar.
Unknown command.
Unknown command.
Aiming: Sandblast (safe; 1% risk of failure)
Press: ? - help, Q - select action Shift-Dir - straight line, f/p - kobold demonologist
Aim: a kobold demonologist, wielding a +0 dagger and wearing a +0 robe (moderately wounded, 76% to hit)
The blast of sand hits the crimson imp!
You kill the crimson imp!
The crimson imp disappears in a puff of smoke!
The orange demon stings you from afar!
Ouch! That really hurt!
* * * LOW HITPOINT WARNING * * *
You are lethally poisoned!
The orange demon poisons you! The ufetubus barely misses you.
The ufetubus misses you. The orange demon stings you from afar.
You die...

▓▓▓▓▓▓▓▓▓▓ ▓▓▓ #..'...♣.♣
♣.# #..#.....♣♣ ♣♣.#
####....♣.♣ ♣..#
p..#....~♣♣♣♣♣.###+#+###+
...#...~~.♣..♣.#.........
...#..~~~~.♣♣♣.'.⌠.......
##p#..~≈≈~~~♣♣.#@..#####
.†.#.~~≈~~~....#K5.#
...#.~≈~~~.....#)4.#
...#.~~~.......#'###
####...........#.5
...............#__
▓▓▓▓▓▓▓▓▓▓▓▓▓▓▓▓▓▓


You could see an orange demon (summoned), a kobold demonologist, a shadow imp
(summoned) and an ufetubus (summoned).

Vanquished Creatures
  A water elemental (D)
  An arcanist (D)
  A human (D)
  A phantom (D)
  2 endoplasms (D)
  2 rats (D)
8 creatures vanquished.

Notes
Turn   | Place    | Note
-------+----------+-------------------------------------------
     0 | D        | Groucho the Spriggan Earth Elementalist began the quest for
                  | the Orb.
     0 | D        | Reached XP level 1. HP: 9/9 MP: 5/5
     5 | D        | Reached skill level 1 in Conjurations
   699 | D        | Reached XP level 2. HP: 7/13 MP: 0/8
  1048 | D        | Noticed a water elemental
  1065 | D        | Killed a water elemental
  1066 | D        | Reached skill level 5 in Spellcasting
  1066 | D        | Reached XP level 3. HP: 16/16 MP: 6/11
  1066 | D        | Reached XP level 4. HP: 21/21 MP: 6/12
  1422 | D        | Found a radiant altar of Vehumet.
  1425 | D        | Found a shimmering blue altar of Sif Muna.
  1425 | D        | Noticed an arcanist
  1428 | D        | Killed an arcanist
  1429 | D        | Noticed an orange demon
  1431 | D        | Slain by an orange demon

Illustrated notes

Levels and vault maps discovered:
D:        dungeon_sprint_mu [sprint_mu_entry_forest, sprint_mu_temple_rooms,
          sprint_mu_d1_spiders, sprint_mu_d2_genie, sprint_mu_d3_branching,
          sprint_mu_orc_legion, sprint_mu_elf_gauntlet, sprint_mu_hive_nellie,
          sprint_mu_lair_fedhas, sprint_mu_vaults_butterflies,
          sprint_mu_slime_circle, sprint_mu_swamp_cave, sprint_mu_shoals_kraken,
          sprint_mu_blade_basic, sprint_mu_crypt_chambers,
          sprint_mu_tomb_spiral, sprint_mu_vestibule_basic,
          sprint_mu_gehenna_hellfire, sprint_mu_dis_giant,
          sprint_mu_tartarus_statrot, sprint_mu_cocytus_islands, sprint_mu_zot1]

Skill      XL: |  1  2  3  4 |
---------------+-------------+-----
Spellcasting   | 4 5 6 |  6.1
Conjurations   | 2 3 |  3.4
Earth Magic    | 4 6 |  6.6
Dodging        | |  2.6
Stealth        | |  3.0

Action                     |  1- 3 |  4- 6 || total
---------------------------+-------+-------++-------
   Cast: Sandblast         |    26 |     5 ||    31
 Armour: Robe              |     3 |     3 ||     6
  Dodge: Dodged            |     8 |     4 ||    12
